[Event "November 21 Early 2023"]
[Site "https://www.chess.com"]
[Date "2023.11.21"]
[Round "10"]
[White "Carlsen, Magnus"]
[Black "Erigaisi Arjun"]
[Result "1-0"]
[Board "1"]
[TimeControl "180+1"]
[WhiteFideId "1503014"]
[BlackFideId "35009192"]
[WhiteElo "2887"]
[BlackElo "2729"]
[WhiteTeam "NOR"]
[BlackTeam "IND"]
[WhiteClock "0:00:45"]
[BlackClock "0:00:00"]

1. a4 Nf6 2. Nf3 g6 3. g3 Bg7 4. Bg2 O-O 5. O-O c5 6. Nc3 Nc6 7. d4 cxd4 8. Nxd4 d5 9. Nb3 d4 10. Ne4 Nd5 11. a5 Bf5 12. Nec5 Ncb4 13. Nxd4 Bxd4 14. Qxd4 Nxc2 15. Qxd5 Nxa1 16. Bh6 Qxd5 17. Bxd5 Rfc8 18. Bxb7 Rxc5 19. Bxa8 Rxa5 20. Rd1 f6 21. Bd5+ e6 22. Bc4 g5 23. f3 Bh3 24. g4 Kf7 25. Rd7+ Ke8 26. Rxh7 Nc2 27. Kf2 Ra1 28. Bxg5 Rf1+ 29. Kg3 Rg1+ 30. Kxh3 fxg5 31. Rg7 Ne3 32. Bd3 Nd5 33. Rxg5 Ke7 34. Kh4 Nf4 35. Ra5 Kf6 36. g5+ Ke7 37. Rxa7+ Kd6 38. Ra4 e5 39. Rxf4 exf4 40. Kh5 Ke7 41. h4 Kf8 42. Kg6 Kg8 43. h5 Kh8 44. h6 Rg2 45. b4 Rg1 46. b5 Rc1 47. Kf5 Rc5+ 48. Kxf4 Rd5 49. g6 Rc5 50. b6 1-0

[Event "November 21 Early 2023"]
[Site "https://www.chess.com"]
[Date "2023.11.21"]
[Round "10"]
[White "Le, Quang Liem"]
[Black "Liang, Awonder"]
[Result "1-0"]
[Board "2"]
[TimeControl "180+1"]
[WhiteFideId "12401137"]
[BlackFideId "2056437"]
[WhiteElo "2665"]
[BlackElo "2527"]
[WhiteTeam "VIE"]
[BlackTeam "USA"]
[WhiteClock "0:01:59"]
[BlackClock "0:00:46"]

1. Nf3 Nf6 2. c4 e6 3. Nc3 d5 4. e3 Be7 5. b3 O-O 6. Bb2 dxc4 7. bxc4 b6 8. d4 Bb7 9. Bd3 c5 10. d5 exd5 11. cxd5 Nxd5 12. Be4 Bf6 13. Nxd5 Bxb2 14. Rb1 Bc6 15. Rxb2 f5 16. Ne7+ 1-0

[Event "November 21 Early 2023"]
[Site "https://www.chess.com"]
[Date "2023.11.21"]
[Round "10"]
[White "Dubov, Daniil"]
[Black "Nihal Sarin"]
[Result "0-1"]
[Board "3"]
[TimeControl "180+1"]
[WhiteFideId "24126055"]
[BlackFideId "25092340"]
[WhiteElo "2767"]
[BlackElo "2689"]
[WhiteTeam "RUS"]
[BlackTeam "IND"]
[WhiteClock "0:00:00"]
[BlackClock "0:00:04"]

1. d4 Nf6 2. Nf3 d5 3. c4 e6 4. g3 Bb4+ 5. Nbd2 O-O 6. Bg2 b6 7. O-O Bb7 8. Ne5 a5 9. Qc2 c5 10. Ndf3 cxd4 11. Nxd4 Bc5 12. Rd1 Nbd7 13. Nxd7 Qxd7 14. Bg5 Ne4 15. Be3 Nf6 16. Bg5 Ng4 17. cxd5 Bxd5 18. h3 Nxf2 19. Kxf2 e5 20. Be3 exd4 21. Bxd4 Bxg2 22. Bxc5 Qc6 23. Rd6 Qc7 24. Kxg2 bxc5 25. Rad1 Rab8 26. b3 Rfe8 27. R1d2 Rxe2+ 28. Rxe2 Qxd6 29. Qe4 g6 30. Qe5 Qc6+ 31. Qe4 Qb6 32. Qf3 Qd6 33. h4 h5 34. Rf2 Qc7 35. Qf4 Qb7+ 36. Qf3 Qc7 37. Qf4 Qa7 38. Kh2 Re8 39. Rc2 Re6 40. Qf2 Re5 41. Rd2 Qe7 42. Qf3 Re4 43. Qf2 Qe5 44. Rc2 Rxh4+ 45. Kg1 Rd4 46. Re2 Qd5 47. Re8+ Kg7 48. Qe3 Rd1+ 49. Kf2 Rd2+ 50. Ke1 Rxa2 51. Qe5+ Qxe5+ 52. Rxe5 Rg2 53. Re3 Rc2 54. Kd1 Rb2 55. Rc3 Rg2 56. Ke1 Rb2 57. Kf1 Kf6 58. Ke1 Ke6 59. Rxc5 Rxb3 60. Kf2 Ra3 61. Rxa5 Rxa5 0-1

[Event "November 21 Early 2023"]
[Site "https://www.chess.com"]
[Date "2023.11.21"]
[Round "10"]
[White "Andreikin, Dmitry"]
[Black "Halkias, Stelios"]
[Result "1-0"]
[Board "4"]
[TimeControl "180+1"]
[WhiteFideId "4158814"]
[BlackFideId "4201809"]
[WhiteElo "2741"]
[BlackElo "2462"]
[WhiteTeam "FID"]
[BlackTeam "GRE"]
[WhiteClock "0:00:33"]
[BlackClock "0:00:17"]

1. d4 Nf6 2. c4 g6 3. Nc3 Bg7 4. e4 d6 5. h3 O-O 6. Be3 Nc6 7. d5 Ne5 8. f4 Ned7 9. Bd3 c6 10. Nf3 Nc5 11. Bc2 Nfd7 12. O-O Nb6 13. Bd4 e5 14. dxe6 Bxd4+ 15. Nxd4 Nxe6 16. f5 Nc5 17. b3 Ncd7 18. Qd2 Qh4 19. Nf3 Qf6 20. Rad1 Nc5 21. e5 dxe5 22. Qe3 Ncd7 23. Ne4 Qe7 24. Qh6 gxf5 25. Nfg5 f6 26. Rxf5 fxg5 27. Nxg5 Rxf5 28. Bxf5 Nf8 29. Bxh7+ Kh8 30. Bg6+ Kg8 31. Bf7+ Qxf7 32. Nxf7 Kxf7 33. Rf1+ Ke7 34. Qxf8+ Ke6 35. Rf6+ 1-0

[Event "November 21 Early 2023"]
[Site "https://www.chess.com"]
[Date "2023.11.21"]
[Round "10"]
[White "Maghsoodloo, Parham"]
[Black "Nakamura, Hikaru"]
[Result "1-0"]
[Board "5"]
[TimeControl "180+1"]
[WhiteFideId "12539929"]
[BlackFideId "2016192"]
[WhiteElo "2660"]
[BlackElo "2874"]
[WhiteTeam "IRI"]
[BlackTeam "USA"]
[WhiteClock "0:00:07"]
[BlackClock "0:00:06"]

1. d4 a5 2. c4 e6 3. Nc3 Bb4 4. Bd2 Nf6 5. e3 b6 6. Nge2 Bb7 7. Qc2 d5 8. cxd5 exd5 9. Ng3 g6 10. Bd3 O-O 11. O-O Ba6 12. Rac1 c6 13. Nge2 Re8 14. f3 c5 15. Bxa6 Nxa6 16. a3 Bxc3 17. Nxc3 cxd4 18. exd4 Nc7 19. Qd3 Ne6 20. f4 Ng7 21. f5 Nxf5 22. Rxf5 gxf5 23. Qg3+ Kh8 24. Bg5 Re6 25. Qh4 Rc8 26. Rf1 Rcc6 27. Rxf5 Qd6 28. Bf4 Qe7 29. Be5 Kg8 30. h3 Ne4 31. Qg4+ Rg6 32. Nxd5 Qxe5 33. Rxe5 Rc1+ 34. Kh2 Rxg4 35. hxg4 Nf2 36. Kg3 Nd3 37. Re2 Rc4 38. Ne7+ Kf8 39. Nf5 a4 40. Rd2 Nc1 41. d5 Nb3 42. Rd1 Rc1 43. Rd3 Nc5 44. Re3 Rd1 45. d6 Rd5 46. Kf3 h5 47. Kf4 Ne6+ 48. Kg3 hxg4 49. Kxg4 Nd4 50. Nxd4 Rxd4+ 51. Kf3 Rxd6 52. Re4 b5 53. Rb4 Rd5 54. Ke4 Rg5 55. Kf3 Ke7 56. g4 Kd6 57. Kf4 Rc5 58. g5 Ke6 59. Kg4 Re5 60. Rf4 Re2 61. Rb4 Re5 62. Rf4 Ke7 63. Rf5 Ke6 64. Rf6+ Ke7 65. Rb6 Kf8 66. Kf4 Rc5 67. Kg4 Kg7 68. Kh5 Rd5 69. Rb7 Re5 70. Kg4 Rc5 71. Kf4 Kf8 72. Rb6 Ke7 73. Kg4 Kf8 74. Kh5 Kg7 75. Rb7 Rd5 76. Kg4 Rd4+ 77. Kf5 Rd5+ 78. Kf4 Kg6 79. Rb6+ Kh7 80. Rf6 Kg8 81. Rf5 Rxf5+ 82. Kxf5 Kg7 83. Kg4 Kg6 84. Kf4 Kh5 85. Kf5 Kh4 86. Kf6 Kg4 87. Kxf7 Kxg5 88. Ke6 Kf4 89. Kd5 Ke3 90. Kc5 Kd3 91. Kxb5 Kc2 92. Kxa4 Kxb2 93. Kb4 1-0

[Event "November 21 Early 2023"]
[Site "https://www.chess.com"]
[Date "2023.11.21"]
[Round "10"]
[White "Martinez Alcantara, Jose Eduardo"]
[Black "Henriquez Villagra, Cristobal"]
[Result "0-1"]
[Board "6"]
[TimeControl "180+1"]
[WhiteFideId "3805662"]
[BlackFideId "3409350"]
[WhiteElo "2703"]
[BlackElo "2572"]
[WhiteTeam "PER"]
[BlackTeam "CHI"]
[WhiteClock "0:00:06"]
[BlackClock "0:00:20"]

1. e4 c6 2. d4 d5 3. e5 c5 4. dxc5 e6 5. c3 Nd7 6. Nf3 Bxc5 7. Bd3 Ne7 8. Qe2 a6 9. h4 Nc6 10. h5 h6 11. Bf4 b5 12. Nbd2 Bb6 13. Rh3 Nc5 14. Rg3 Nxd3+ 15. Qxd3 Kf8 16. Nb3 Bd7 17. Nbd4 Rc8 18. Kf1 Nxd4 19. cxd4 a5 20. Kg1 b4 21. a3 Qe8 22. axb4 Bb5 23. Qd2 a4 24. Rc1 Rc4 25. Rxc4 Bxc4 26. Nh2 Qd8 27. Ng4 Bb5 28. Rc3 Ke8 29. Be3 Kd7 30. Qd1 Qe7 31. Rc5 Bxc5 32. bxc5 Kc6 33. f3 Ra8 34. Qe1 Bc4 35. Kh2 Qb7 36. Bc1 Qb3 37. Qd2 Qd3 38. Qf4 Qf5 39. Qxf5 exf5 40. Ne3 Bd3 41. Kg3 Rb8 42. Kf4 Rb4 43. e6 fxe6 44. Ke5 Bb1 45. g4 fxg4 46. fxg4 Ba2 47. Ng2 Rb3 48. Nf4 Rg3 49. Nxe6 Rxg4 50. Bf4 Rg2 51. Bc1 Re2+ 52. Kf5 Bb1+ 53. Kf4 Rxe6 54. Kf3 Re4 55. Be3 Ba2 56. Kf2 Bc4 57. Kf3 Rh4 58. Bf2 Rxh5 59. Kg4 g6 60. Kg3 Rf5 61. Kg2 h5 62. Be3 Bd3 63. Kg3 Be4 64. Kh4 Rf3 65. Bg5 Rb3 66. Bd8 Rxb2 67. Kg5 a3 68. Kf6 a2 69. Ke7 Rb1 70. Bc7 a1=Q 71. Be5 Qa6 72. Kf6 Qc8 73. Kg5 Qf5+ 74. Kh6 Rb7 75. Bg7 g5 0-1

[Event "November 21 Early 2023"]
[Site "https://www.chess.com"]
[Date "2023.11.21"]
[Round "10"]
[White "Lazavik, Denis"]
[Black "Baskakov, Egor"]
[Result "0-1"]
[Board "7"]
[TimeControl "180+1"]
[WhiteFideId "13515110"]
[BlackFideId "24197866"]
[WhiteElo "2556"]
[BlackElo "2225"]
[WhiteTeam "BLR"]
[BlackTeam "RUS"]
[WhiteClock "0:00:00"]
[BlackClock "0:00:05"]

1. d4 Nf6 2. c4 e6 3. Nc3 d5 4. cxd5 Nxd5 5. e4 Nxc3 6. bxc3 b6 7. Nf3 Bb7 8. Bd3 Nd7 9. O-O Be7 10. Re1 O-O 11. Bf4 c5 12. d5 exd5 13. exd5 Bf6 14. Rc1 c4 15. Bxc4 Rc8 16. Qd3 Nc5 17. Qc2 b5 18. Bxb5 Qxd5 19. Rcd1 Qh5 20. Be2 Ne4 21. c4 Nc3 22. Rd7 Be4 23. Qd2 Nxe2+ 24. Qxe2 Bc6 25. Rxa7 Rfe8 26. Be3 Qg4 27. h3 Qf5 28. Ra6 h6 29. a4 Be4 30. Rd6 Qa5 31. Nd2 Bg6 32. Qf3 Be5 33. Rd5 Qxa4 34. c5 Bc3 35. Rf1 Bb4 36. Rd6 Bxc5 37. Bxc5 Rxc5 38. Rd5 Rcc8 39. Qg3 Qc2 40. Nf3 Rcd8 41. Rxd8 Rxd8 42. Ne5 Bf5 43. Re1 Re8 44. Re3 Qb1+ 45. Kh2 Rf8 46. Qf4 Bg6 47. Rg3 Qf5 48. Qe3 Re8 49. f4 Kh7 50. Qf3 Re6 51. Qg4 Rf6 52. Qxf5 Rxf5 53. Rf3 Rf6 54. g4 Be4 55. Rf2 Bd5 56. Kg3 g6 57. Rd2 Bb3 58. Rd3 Ba2 59. Ra3 Bb1 60. Ra7 Kg7 61. h4 Bc2 0-1

[Event "November 21 Early 2023"]
[Site "https://www.chess.com"]
[Date "2023.11.21"]
[Round "10"]
[White "Sadhwani, Raunak"]
[Black "Zakhartsov, Vladimir"]
[Result "1-0"]
[Board "8"]
[TimeControl "180+1"]
[WhiteFideId "35093487"]
[BlackFideId "4145097"]
[WhiteElo "2668"]
[BlackElo "2448"]
[WhiteTeam "IND"]
[BlackTeam "RUS"]
[WhiteClock "0:00:44"]
[BlackClock "0:00:02"]

1. e4 g6 2. d4 Bg7 3. Nc3 d6 4. Be3 a6 5. Qd2 b5 6. h4 h5 7. f3 Nd7 8. Nh3 Bb7 9. Be2 c5 10. dxc5 Nxc5 11. O-O-O Rc8 12. Kb1 Qa5 13. Bd4 Nf6 14. a3 O-O 15. Bxf6 exf6 16. Nd5 Qd8 17. Nhf4 Na4 18. c3 Bh6 19. Qd4 Bg7 20. g4 f5 21. Qd2 fxg4 22. fxg4 Nc5 23. Qc2 hxg4 24. Bxg4 Rb8 25. h5 g5 26. h6 Be5 27. Nd3 Nxd3 28. Qxd3 Bxd5 29. exd5 Kh8 30. Rdf1 a5 31. Qf5 b4 32. Be2 Qc8 33. cxb4 Qxf5+ 34. Rxf5 axb4 35. a4 f6 36. a5 b3 37. a6 Rfc8 38. Bd3 Rc5 39. Rc1 Rxd5 40. a7 Rd8 41. Be4 Ra5 42. Rc7 d5 43. Rxe5 dxe4 44. Rxa5 e3 45. Rc1 e2 46. a8=Q Rxa8 47. Rxa8+ Kh7 48. Re1 Kxh6 49. Rxe2 g4 50. Rb8 f5 51. Rxb3 Kg5 52. Rg2 f4 53. Rf3 Kf5 54. Rf1 f3 55. Rgf2 Kf4 56. b4 1-0

[Event "November 21 Early 2023"]
[Site "https://www.chess.com"]
[Date "2023.11.21"]
[Round "10"]
[White "Raja Rithvik R"]
[Black "Bortnyk, Olexandr"]
[Result "0-1"]
[Board "9"]
[TimeControl "180+1"]
[WhiteFideId "35007394"]
[BlackFideId "14120828"]
[WhiteElo "2395"]
[BlackElo "2725"]
[WhiteTeam "IND"]
[BlackTeam "UKR"]
[WhiteClock "0:00:06"]
[BlackClock "0:00:41"]

1. Nf3 Nf6 2. c4 d6 3. d4 g6 4. g3 Bg7 5. Nc3 O-O 6. Bg2 Bf5 7. Nh4 Bc8 8. O-O c5 9. dxc5 dxc5 10. Be3 Nbd7 11. Qb3 Ng4 12. Bf4 e6 13. Bd6 Re8 14. Rfd1 a6 15. Bxb7 Bxb7 16. Qxb7 Bd4 17. e3 Bxc3 18. bxc3 Qf6 19. Nf3 Nde5 20. Kg2 Nxc4 21. Bxc5 Rac8 22. Qd7 Qxf3+ 23. Kxf3 Nge5+ 24. Ke4 Nxd7 25. Rxd7 Rxc5 26. Kd4 Rec8 27. Rb1 Ne5 28. Rd8+ Rxd8+ 29. Kxc5 Rc8+ 0-1

[Event "November 21 Early 2023"]
[Site "https://www.chess.com"]
[Date "2023.11.21"]
[Round "10"]
[White "Javakhadze, Zurab"]
[Black "Le, Tuan Minh"]
[Result "0-1"]
[Board "10"]
[TimeControl "180+1"]
[WhiteFideId "13603647"]
[BlackFideId "12401153"]
[WhiteElo "2381"]
[BlackElo "2561"]
[WhiteTeam "GEO"]
[BlackTeam "VIE"]
[WhiteClock "0:00:00"]
[BlackClock "0:00:57"]

1. Nf3 d5 2. g3 g6 3. Bg2 Bg7 4. O-O Nf6 5. d4 O-O 6. c4 c6 7. a4 a5 8. Nc3 dxc4 9. e3 Nd5 10. Qe2 Nb6 11. Ne4 Na6 12. Nfd2 Nb4 13. Nxc4 Nxc4 14. Qxc4 e5 15. dxe5 Bxe5 16. Nc5 Qe7 17. Rd1 b6 18. Ne4 Be6 19. Qe2 Bb3 20. Rf1 Rad8 21. Bd2 f5 22. Nc3 Qf7 23. Rfc1 Bc4 24. Qd1 Rd6 25. f4 Bg7 26. Qe1 Nd3 27. Qd1 Rfd8 28. Qc2 Nb4 0-1

[Event "November 21 Early 2023"]
[Site "https://www.chess.com"]
[Date "2023.11.21"]
[Round "10"]
[White "Shoker, Samy"]
[Black "Pranesh M"]
[Result "0-1"]
[Board "11"]
[TimeControl "180+1"]
[WhiteFideId "627143"]
[BlackFideId "35028600"]
[WhiteElo "2475"]
[BlackElo "2481"]
[WhiteTeam "EGY"]
[BlackTeam "IND"]
[WhiteClock "0:00:41"]
[BlackClock "0:00:21"]

1. Nf3 d5 2. g3 Nf6 3. Bg2 g6 4. O-O Bg7 5. d3 O-O 6. Nbd2 c5 7. e4 dxe4 8. dxe4 Nc6 9. c3 e5 10. Qe2 b6 11. Rd1 Qe7 12. Nc4 Ba6 13. Bg5 h6 14. Bxf6 Bxf6 15. Bf1 Na5 16. Nfd2 Qe6 17. b3 Rad8 18. Qe1 Nc6 19. Ne3 Bxf1 20. Ndxf1 Ne7 21. Rxd8 Rxd8 22. Rd1 Rxd1 23. Qxd1 Kg7 24. h4 h5 25. Qd8 Qc6 26. Qd3 g5 27. hxg5 Bxg5 28. Nd5 h4 29. Nxe7 Bxe7 30. Ne3 hxg3 31. fxg3 Bg5 32. Nf5+ Kg6 33. Kg2 b5 34. c4 bxc4 35. Qxc4 Qb6 36. Kf3 Qa5 37. Nd6 Qc7 38. Qd5 Bf6 39. a4 Qd7 40. Nc4 Qh3 41. Qxc5 Qf1+ 42. Kg4 Qd1+ 43. Kh3 Qh1+ 44. Kg4 Qh5# 0-1

[Event "November 21 Early 2023"]
[Site "https://www.chess.com"]
[Date "2023.11.21"]
[Round "10"]
[White "Molina, Roberto Junio Brito"]
[Black "Van Foreest, Jorden"]
[Result "0-1"]
[Board "12"]
[TimeControl "180+1"]
[WhiteFideId "2109450"]
[BlackFideId "1039784"]
[WhiteElo "2389"]
[BlackElo "2664"]
[WhiteTeam "BRA"]
[BlackTeam "NED"]
[WhiteClock "0:00:38"]
[BlackClock "0:01:00"]

1. e4 c6 2. d4 d5 3. exd5 cxd5 4. Bd3 Nc6 5. c3 Nf6 6. Bf4 Bg4 7. Nf3 e6 8. Nbd2 Bd6 9. Bxd6 Qxd6 10. O-O O-O 11. a4 Bf5 12. Qe2 g6 13. Bb5 Ne7 14. Ne5 a6 15. Bd3 Rab8 16. a5 Kg7 17. b4 Rbc8 18. Rac1 Nd7 19. Nxd7 Qxd7 20. Nb3 Bxd3 21. Qxd3 Nf5 22. Nc5 Qe7 23. Rce1 Nd6 24. f4 Qf6 25. Nd7 Qf5 26. Qxf5 gxf5 27. Nxf8 Kxf8 28. Rf3 Ne4 29. Ree3 Kg7 30. g3 Kg6 31. Kg2 h5 32. h3 Kf6 33. Kh2 Kg7 34. Rd3 Rc7 35. Rfe3 Rc6 36. Kg2 Rc8 37. Kf3 Kf6 38. Re2 Rh8 39. Rc2 Nd6 40. Rg2 Ne4 41. Rc2 Nd6 42. Rg2 Rc8 43. g4 hxg4+ 44. hxg4 fxg4+ 45. Rxg4 Nb5 46. Rg2 Rc4 47. Ke3 Nxc3 48. Rc2 Nb5 49. Rxc4 dxc4 50. Rd1 Nc3 51. Rc1 Nd5+ 52. Ke4 c3 53. Rc2 Ke7 54. Rc1 f5+ 55. Ke5 Nxb4 56. Rxc3 Nc6+ 57. Rxc6 bxc6 58. d5 cxd5 0-1

[Event "November 21 Early 2023"]
[Site "https://www.chess.com"]
[Date "2023.11.21"]
[Round "10"]
[White "Chigaev, Maksim"]
[Black "Piesik, Piotr"]
[Result "1-0"]
[Board "13"]
[TimeControl "180+1"]
[WhiteFideId "4108116"]
[BlackFideId "1136194"]
[WhiteElo "2561"]
[BlackElo "2309"]
[WhiteTeam "ESP"]
[BlackTeam "CZE"]
[WhiteClock "0:00:08"]
[BlackClock "0:00:00"]

1. d4 Nf6 2. c4 c5 3. Nf3 cxd4 4. Nxd4 Nc6 5. Nc3 e6 6. e4 Bb4 7. Nxc6 dxc6 8. Qxd8+ Kxd8 9. e5 Ne4 10. a3 Bxc3+ 11. bxc3 c5 12. a4 Bd7 13. Ra3 h6 14. h4 f6 15. Bf4 fxe5 16. Bxe5 Nf6 17. f3 Bc6 18. a5 Ke7 19. Be2 g5 20. g4 Rag8 21. Rh2 Rd8 22. Ra2 Rhg8 23. Rd2 Rxd2 24. Kxd2 Nd7 25. Bg3 e5 26. Ke3 Rg7 27. Bd3 Rf7 28. Bf5 Kd6 29. hxg5 hxg5 30. Rh6+ Kc7 31. Rg6 b6 32. a6 Re7 33. Rxg5 Nb8 34. Rg7 Kd6 35. Rxe7 Kxe7 36. Bxe5 Nxa6 37. g5 Bd7 38. Bxd7 Kxd7 39. g6 Ke6 40. f4 1-0

[Event "November 21 Early 2023"]
[Site "https://www.chess.com"]
[Date "2023.11.21"]
[Round "10"]
[White "Materia, Marco"]
[Black "Shimanov, Aleksandr"]
[Result "0-1"]
[Board "14"]
[TimeControl "180+1"]
[WhiteFideId "45150451"]
[BlackFideId "4198603"]
[WhiteElo "2451"]
[BlackElo "2611"]
[WhiteTeam "FRA"]
[BlackTeam "RUS"]
[WhiteClock "0:00:10"]
[BlackClock "0:00:35"]

1. d4 Nf6 2. c4 d6 3. Nf3 g6 4. Nc3 Bg7 5. Bg5 h6 6. Bh4 g5 7. Bg3 Nh5 8. e3 Nd7 9. Qc2 e6 10. Be2 a6 11. O-O-O Qe7 12. Kb1 Rb8 13. Nd2 Nxg3 14. hxg3 c5 15. dxc5 Nxc5 16. Nde4 Nxe4 17. Nxe4 O-O 18. f4 Rd8 19. fxg5 hxg5 20. g4 b5 21. c5 d5 22. Nd6 Rxd6 23. cxd6 Qxd6 24. e4 Bb7 25. exd5 Rc8 26. Qh7+ Kf8 27. dxe6 Qe5 28. e7+ Kxe7 29. Qxg7 Qxg7 30. Rhe1 Kf8 31. Rd7 Be4+ 32. Ka1 Rc2 0-1

[Event "November 21 Early 2023"]
[Site "https://www.chess.com"]
[Date "2023.11.21"]
[Round "10"]
[White "Llorente Zaro, Alfonso"]
[Black "Puranik, Abhimanyu"]
[Result "0-1"]
[Board "15"]
[TimeControl "180+1"]
[WhiteFideId "2254131"]
[BlackFideId "5061245"]
[WhiteElo "2485"]
[BlackElo "2493"]
[WhiteTeam "ESP"]
[BlackTeam "IND"]
[WhiteClock "0:00:47"]
[BlackClock "0:01:30"]

1. e4 e5 2. Nf3 Nc6 3. Nc3 Nf6 4. h3 d5 5. exd5 Nxd5 6. Bb5 Nxc3 7. bxc3 Bd6 8. O-O O-O 9. d4 exd4 10. cxd4 Bf5 11. Be3 h6 12. c4 Qf6 13. Re1 Rad8 14. Qe2 Nb4 15. Red1 Nc2 16. Rac1 Nxe3 17. fxe3 c6 18. Ba4 Rfe8 19. Bc2 Bf4 20. e4 Bxc1 21. Rxc1 Rxd4 22. Nxd4 Qxd4+ 23. Kh1 Bxe4 24. Rd1 Qb2 25. Rd2 Qa1+ 26. Kh2 Qe5+ 27. Kh1 Bxc2 28. Qxe5 Rxe5 29. Rxc2 Rc5 30. Rb2 b6 31. Rb4 Kf8 32. Kg1 Ke7 33. Kf2 Ra5 34. Rb2 Kd6 35. Rd2+ Ke6 36. Rc2 Ra3 37. c5 b5 38. Rd2 Ke5 39. Rd6 Rxa2+ 40. Kf3 Rc2 41. Rxc6 a5 42. Rc7 Ke6 43. c6 a4 44. Rb7 Rxc6 45. Rxb5 Ra6 46. Rb2 a3 47. Ra2 Kd5 0-1

[Event "November 21 Early 2023"]
[Site "https://www.chess.com"]
[Date "2023.11.21"]
[Round "10"]
[White "Zhigalko, Sergei"]
[Black "Csonka, Balazs"]
[Result "1-0"]
[Board "16"]
[TimeControl "180+1"]
[WhiteFideId "13502956"]
[BlackFideId "742910"]
[WhiteElo "2616"]
[BlackElo "2399"]
[WhiteTeam "BLR"]
[BlackTeam "HUN"]
[WhiteClock "0:01:46"]
[BlackClock "0:00:38"]

1. e4 c5 2. Nf3 d6 3. d4 cxd4 4. Qxd4 Nf6 5. Nc3 Nc6 6. Bb5 Bd7 7. Bxc6 Bxc6 8. Bg5 e6 9. O-O-O Be7 10. Rhe1 O-O 11. Kb1 Qa5 12. Qd2 Qa6 13. Nd4 b5 14. f3 b4 15. Nce2 Rfb8 16. g4 Be8 17. Ng3 Qb7 18. Rg1 a5 19. Nh5 Nxh5 20. gxh5 a4 21. Rg2 b3 22. cxb3 axb3 23. a3 Ra5 24. Qxa5 1-0

[Event "November 21 Early 2023"]
[Site "https://www.chess.com"]
[Date "2023.11.21"]
[Round "10"]
[White "De Silva, L M S T"]
[Black "Kuzubov, Yuriy"]
[Result "1-0"]
[Board "17"]
[TimeControl "180+1"]
[WhiteFideId "9953698"]
[BlackFideId "14112906"]
[WhiteElo "2372"]
[BlackElo "2487"]
[WhiteTeam "SRI"]
[BlackTeam "UKR"]
[WhiteClock "0:00:09"]
[BlackClock "0:00:00"]

1. e4 c6 2. d4 d5 3. Nc3 dxe4 4. Nxe4 Nf6 5. Nxf6+ exf6 6. c3 Bd6 7. Bd3 O-O 8. Qc2 Re8+ 9. Ne2 h5 10. O-O h4 11. h3 Nd7 12. Bd2 Nf8 13. Rae1 b6 14. c4 Bc7 15. f4 g6 16. Bc3 f5 17. b3 Ne6 18. Qd2 Ng7 19. Bb2 Nh5 20. Qc3 Qf6 21. d5 Qxc3 22. Nxc3 Bb7 23. Ba3 Bxf4 24. dxc6 Bxc6 25. Nd5 Bxd5 26. cxd5 Rad8 27. Rxe8+ Rxe8 28. Bb5 Rd8 29. Rd1 Bd6 30. Bxd6 Rxd6 31. Bc6 Kf8 32. Kf2 Nf6 33. Ke3 Ke7 34. Kd4 Rd8 35. a4 Kd6 36. b4 Ne4 37. Ra1 Nd2 38. Ra3 Ne4 39. a5 Ng3 40. axb6 axb6 41. Ra7 Ne2+ 42. Ke3 Nc3 43. Kd4 Ne2+ 44. Ke3 Ng3 45. Rxf7 Ke5 46. Re7+ Kf6 47. Re6+ Kg5 48. d6 Nh5 49. d7 1-0

[Event "November 21 Early 2023"]
[Site "https://www.chess.com"]
[Date "2023.11.21"]
[Round "10"]
[White "Kamsky, Gata"]
[Black "Shuvalova, Polina"]
[Result "1-0"]
[Board "18"]
[TimeControl "180+1"]
[WhiteFideId "2000024"]
[BlackFideId "24171760"]
[WhiteElo "2660"]
[BlackElo "2342"]
[WhiteTeam "USA"]
[BlackTeam "RUS"]
[WhiteClock "0:00:21"]
[BlackClock "0:00:00"]

1. d4 Nf6 2. Bf4 d5 3. e3 c5 4. c3 Nc6 5. Nd2 Bf5 6. Qb3 Qc8 7. a4 e6 8. Ngf3 Be7 9. Be2 O-O 10. O-O h6 11. h3 a6 12. a5 Qd7 13. Qa4 Rac8 14. Rfc1 Rfd8 15. dxc5 Bxc5 16. b4 Bd6 17. b5 axb5 18. Bxb5 Ra8 19. Nd4 Qc7 20. Nxc6 bxc6 21. Bxc6 Ra7 22. Bxd6 Rxd6 23. Bb5 Ne4 24. Nxe4 Bxe4 25. Bf1 Rd8 26. c4 d4 27. c5 Bc6 28. Qa3 dxe3 29. Qxe3 Rxa5 30. Rxa5 Qxa5 31. Be2 Qd2 32. Qxd2 Rxd2 33. Bf3 Bxf3 34. gxf3 Rd7 35. Kg2 g5 36. f4 gxf4 37. Kf3 e5 38. c6 Rc7 39. Ke4 Kf8 40. Kxe5 Ke7 41. Kd5 Kd8 42. Kd6 f5 43. Rg1 Re7 44. Rg8+ 1-0

[Event "November 21 Early 2023"]
[Site "https://www.chess.com"]
[Date "2023.11.21"]
[Round "10"]
[White "Rohith Krishna S"]
[Black "Tristan, Leonardo"]
[Result "0-1"]
[Board "19"]
[TimeControl "180+1"]
[WhiteFideId "46617051"]
[BlackFideId "113816"]
[WhiteElo "2394"]
[BlackElo "2483"]
[WhiteTeam "IND"]
[BlackTeam "ARG"]
[WhiteClock "0:00:45"]
[BlackClock "0:00:12"]

1. e4 d5 2. exd5 Qxd5 3. Nc3 Qa5 4. Nf3 Nf6 5. Bc4 Nc6 6. h3 Bf5 7. O-O e6 8. d3 Ne5 9. Nxe5 Qxe5 10. Re1 Qa5 11. a3 c6 12. Bf4 Be7 13. Qf3 O-O 14. b4 Qd8 15. Be5 Nd7 16. Bf4 Bf6 17. Bd2 Ne5 18. Qf4 Nxc4 19. Qxc4 a5 20. Rab1 axb4 21. axb4 Qd4 22. Qb3 h6 23. Ne4 Be7 24. Bc3 Qd5 25. b5 Qxb3 26. Rxb3 Rfc8 27. Re3 Ra3 28. Rg3 Rxb3 29. Rxg7+ Kf8 30. cxb3 cxb5 31. Bd4 Rd8 32. Bb2 Rxd3 33. Ng3 Rxb3 34. Be5 f6 35. Nxf5 exf5 36. Rh7 fxe5 37. Rxh6 b4 38. Rb6 Rb1+ 39. Kh2 b3 40. Rxb7 b2 41. g3 Ba3 42. h4 Rc1 43. Kh3 b1=Q 44. Rxb1 Rxb1 45. h5 Rh1+ 46. Kg2 Rxh5 47. f3 Rg5 48. g4 fxg4 49. fxg4 Rxg4+ 0-1

[Event "November 21 Early 2023"]
[Site "https://www.chess.com"]
[Date "2023.11.21"]
[Round "10"]
[White "Sychev, Klementy"]
[Black "Trost, Edvin"]
[Result "1-0"]
[Board "20"]
[TimeControl "180+1"]
[WhiteFideId "4114060"]
[BlackFideId "1729519"]
[WhiteElo "2583"]
[BlackElo "2385"]
[WhiteTeam "FID"]
[BlackTeam "SWE"]
[WhiteClock "0:01:08"]
[BlackClock "0:01:35"]

1. e4 c5 2. Nf3 e6 3. d4 cxd4 4. Nxd4 Nc6 5. Nc3 Qc7 6. Ndb5 Qb8 7. a4 a6 8. Na3 Bc5 9. g3 Nf6 10. Bg2 h5 11. Bf4 e5 12. Bg5 d6 13. Nc4 Nd4 14. Bxf6 gxf6 15. Nd5 f5 16. c3 Nc6 17. b4 Ba7 18. b5 axb5 19. axb5 Be6 20. b6 Bxd5 21. exd5 Ne7 22. bxa7 Rxa7 23. Nxd6+ Kf8 24. Rxa7 Qxa7 25. O-O h4 26. Qf3 h3 27. Bh1 Qc5 28. Nxf5 Nxf5 29. Qxf5 b5 30. Qxe5 Rh6 31. Re1 b4 32. Qb8+ Kg7 33. Qxb4 Qc8 34. Qd4+ Kg8 35. d6 Qd7 36. Rd1 f5 37. Qc4+ Kh8 38. Qc7 Qa4 39. Rb1 Rg6 40. d7 Rg8 41. d8=Q Rxd8 42. Qxd8+ Kh7 43. Rb7+ Qd7 44. Rxd7+ 1-0

[Event "November 21 Early 2023"]
[Site "https://www.chess.com"]
[Date "2023.11.21"]
[Round "10"]
[White "Cherniaiev, Tykhon"]
[Black "Hilary46"]
[Result "1-0"]
[Board "22"]
[TimeControl "180+1"]
[WhiteFideId "14182360"]
[WhiteElo "2438"]
[BlackElo "2654"]
[WhiteTeam "UKR"]
[WhiteClock "0:00:25"]
[BlackClock "0:00:02"]

1. Nf3 d5 2. d4 Nf6 3. c4 e6 4. Nc3 c6 5. cxd5 exd5 6. Bg5 h6 7. Bh4 Bf5 8. e3 Nbd7 9. Bd3 Bxd3 10. Qxd3 Bd6 11. O-O O-O 12. Rab1 Re8 13. b4 a6 14. a4 b5 15. Rfc1 Nb6 16. a5 Nc4 17. Bg3 Bxg3 18. hxg3 Ne4 19. Ne5 Ned2 20. Nxc4 Nxb1 21. Nb6 Nxc3 22. Qxc3 Ra7 23. Qxc6 Re6 24. Qxd5 Qxd5 25. Rc8+ Kh7 26. Nxd5 Rd7 27. Nb6 Rdd6 28. Rc7 Rc6 29. Rxf7 Rc1+ 30. Kh2 Rb1 31. Nd5 Rd6 32. Rf5 Rc6 33. g4 Rc2 34. Rf7 Kg6 35. Rf5 Rbb2 36. Kg3 Rc1 37. Rf8 Rc4 38. Ra8 Kh7 39. Rxa6 Rcc2 40. f3 Rxg2+ 41. Kf4 g5+ 42. Kf5 Rgf2 43. Ra7+ Kg8 44. Nf6+ Kf8 45. Ke6 1-0